 Dungeon Crawl Stone Soup version 0.23.2-33-g5129a83184 (webtiles) character file.

Game seed: 9294410972132569245

1780 FishyPogo the Skirmisher (level 9, -1/79 HPs)
             Began as a Hill Orc Abyssal Knight on July 27, 2019.
             Was a Believer of Lugonu.
             Slain by an orc warrior
             ... wielding a +0 dire flail
              (14 damage)
             ... on level 7 of the Dungeon on July 28, 2019.
             The game lasted 00:45:39 (6529 turns).

FishyPogo the Skirmisher (Hill Orc Abyssal Knight)  Turns: 6529, Time: 00:45:40

Health: -1/79      AC: 11    Str: 17    XL:     9   Next: 8%
Magic:  0/13       EV:  9    Int: 10    God:    Lugonu [**....]
Gold:   353        SH:  0    Dex: 15    Spells: 8/8 levels left

rFire    . . .     SeeInvis .   a - +5 bardiche of Raonti {chop, rN+ Int-2 Dex+4 Stlth+}
rCold    + . .     Gourm    .   (shield currently unavailable)
rNeg     + . .     Faith    .   d - +1 chain mail
rPois    +         Spirit   +   (no helmet)
rElec    .         Reflect  .   P - scarf {Spirit}
rCorr    .         Harm     .   (no gloves)
MR       .....                  (no boots)
Stlth    ..........             (no amulet)
HPRegen  0.23/turn              q - ring of poison resistance
MPRegen  0.13/turn              K - ring of protection from cold

@: no status effects
A: no striking features
a: Depart the Abyss, Bend Space, Renounce Religion


You were on level 7 of the Dungeon.
You worshipped Lugonu.
Lugonu was pleased with you.
You were hungry.

You visited 1 branch of the dungeon, and saw 7 of its levels.
You visited the Abyss 1 time.

You collected 353 gold pieces.

Inventory:

Hand Weapons
 a - the +5 bardiche of Raonti (weapon) {chop, rN+ Int-2 Dex+4 Stlth+}
   (You found it on level 3 of the Dungeon)

   It inflicts extra damage upon your enemies.
   It affects your intelligence (-2).
   It affects your dexterity (+4).
   It protects you from negative energy.
   It makes you more stealthy.
 b - a +1 war axe of flaming
 x - a +1 hand axe
 D - a +0 war axe
 L - a +1 spear of pain
 O - a +1 scythe of protection
Missiles
 g - 260 stones (quivered)
 h - 28 sling bullets
Armour
 d - a +1 chain mail (worn)
 z - a +2 robe of magic resistance
 P - a scarf of spirit shield (worn)
Jewellery
 q - a ring of poison resistance (left hand)
 y - an uncursed ring of fire
 K - a ring of protection from cold (right hand)
Wands
 j - a wand of flame (28)
 r - a wand of acid (6)
 F - a wand of enslavement (10)
 H - a wand of scattershot (3)
 M - a wand of paralysis (16)
 R - a wand of random effects (22)
Scrolls
 e - 3 scrolls of identify
 k - a scroll of enchant weapon
 o - 2 scrolls of amnesia
 s - 2 scrolls of remove curse
 t - a scroll of teleportation
 v - a scroll of magic mapping
 E - a scroll of immolation
 G - a scroll of enchant armour
 J - a scroll of random uselessness {unknown}
 S - a scroll of fog
Potions
 f - 2 potions of agility
 i - a potion of lignification {unknown}
 m - a potion of resistance {unknown}
 n - a potion of flight
 p - a potion of ambrosia {unknown}
 u - a potion of degeneration {unknown}
 w - a potion of brilliance {unknown}
 A - a potion of might
 B - a potion of heal wounds {unknown}
 C - a potion of cancellation {unknown}
 I - a potion of haste {unknown}
 N - 2 potions of curing {unknown}
 Q - a potion of berserk rage {unknown}
Miscellaneous
 l - a lamp of fire
Comestibles
 c - 12 rations
 T - 3 chunks of flesh


   Skills:
 + Level 7.0 Fighting
 + Level 6.0(7.1) Axes
 * Level 4.8(5.8) Polearms
   Level 1.6 Slings
 + Level 5.8 Armour
 + Level 3.3 Dodging
 + Level 6.0 Invocations


You had 8 spell levels left.
You didn't know any spells.
Your spell library was empty.

Dungeon Overview and Level Annotations

Branches:
Dungeon (7/15)
 Temple: D:4-7

Altars:
Ashenzari
Elyvilon
Hepliaklqana
Qazlal
Vehumet
Wu Jian

Shops:
D:4 }   D:7 !

Annotations:
D:4 shock device


Message History

You kill the orc!
Lugonu accepts your kill.
You slice the orc!!
You kill the orc!
Lugonu accepts your kill.
Your chain mail prevents you from hitting the orc.
The orc barely misses you. x2
Space bends sharply around you!
You blink.
The orc closely misses you. Space bends around you!
You blink.
You are feeling hungry.
Things that are here:
a +0 dagger; a +0 robe Space bends around you!
You blink.
Attack whom?
Press: ? - help, Dir - move target cursor, f - orc warrior
Aim: an orc warrior, wielding a +0 dire flail and wearing a +0 chain mail You reach to attack!
You closely miss the orc warrior.
The orc warrior hits you with a +0 dire flail!
You die...

### ##.## #########
###.#.###########.......#
#..###.....<..@##.#####.#
##.#.#..######o.##.# #.#
#.......# ###o..##.#####.#
#.).#.#.# #...........##.#
#...#.#.###.#...##.##.##.#
#ยง#?#.[.).......##.......#
#o#.###.######.######.####
#.#.# #.# #.# #.# #.#)###o#
##+## #.#


You could see an orc warrior and an orc.

Vanquished Creatures
  Sigmund (D:3)
  A yak (D:3)
  Eustachio (D:5)
  An orc warrior (D:6)
  3 ogres
  A sky beast (D:6)
  Blork the orc (D:5)
  A scorpion (D:4)
  2 crimson imps
  The ghost of Loxlax the Stinger, a weakling DEVM of Sif Muna (D:3)
  A bullfrog zombie (D:6)
  4 hounds
  2 orc priests
  3 orc wizards
  A centaur zombie (D:5)
  2 iguanas
  Ijyb (D:5)
  3 worker ants
  A hound zombie (D:5)
  3 gnolls (D:3)
  3 adders
  A white imp (D:4)
  2 oozes
  An adder zombie (D:7)
  2 worms (D:2)
  3 dart slugs
  3 leopard geckos
  15 orcs
  A ball python (D:1)
  2 giant cockroaches (D:2)
  4 goblins
  7 hobgoblins
  10 jackals
  3 quokkas
  6 bats
  7 frilled lizards
  A jackal skeleton (D:4)
  5 kobolds
  A quokka zombie (D:5)
  9 rats
120 creatures vanquished.

Notes
Turn   | Place    | Note
-------+----------+-------------------------------------------
     0 | Abyss:1  | FishyPogo the Hill Orc Abyssal Knight began the quest for
                  | the Orb.
     0 | Abyss:1  | Reached XP level 1. HP: 19/19 MP: 2/2
    55 | Abyss:1  | Noticed a small abomination
    62 | Abyss:1  | Noticed a small abomination
    66 | Abyss:1  | Noticed a neqoxec
    69 | Abyss:1  | Noticed a small abomination
    71 | D:1      | Escaped the Abyss
   114 | D:1      | Reached * piety under Lugonu
   235 | D:1      | Reached skill level 1 in Dodging
   235 | D:1      | Reached XP level 2. HP: 25/27 MP: 3/3
   734 | D:2      | Reached skill level 4 in Fighting
   734 | D:2      | Reached XP level 3. HP: 20/33 MP: 5/5
  1376 | D:2      | Reached XP level 4. HP: 21/40 MP: 6/6
  1665 | D:3      | Found a faded altar of an unknown god.
  1705 | D:3      | Found a hazy altar of Hepliaklqana.
  1741 | D:3      | Reached ** piety under Lugonu
  1830 | D:3      | Reached skill level 1 in Slings
  1838 | D:3      | Reached XP level 5. HP: 38/47 MP: 7/7
  2060 | D:3      | Noticed Sigmund
  2499 | D:3      | Killed Sigmund
  2499 | D:3      | Reached skill level 5 in Fighting
  2499 | D:3      | Reached XP level 6. HP: 41/56 MP: 8/8
  2668 | D:3      | Found a white marble altar of Elyvilon.
  2674 | D:3      | Found an ornate altar of the Wu Jian Council.
  2677 | D:3      | Found a radiant altar of Vehumet.
  2748 | D:3      | Found a runed translucent door.
  2752 | D:3      | Noticed a yak
  2752 | D:3      | Noticed Loxlax's ghost (weakling DEVM)
  2766 | D:3      | Killed Loxlax's ghost
  2780 | D:3      | Got an encrusted bardiche
  2847 | D:3      | Killed a yak
  2847 | D:3      | Reached skill level 1 in Polearms
  2847 | D:3      | Reached XP level 7. HP: 6/61 MP: 4/10
  3639 | D:4      | Identified the +5 bardiche of Raonti {chop, rN+ Int-2 Dex+4
                  | Stlth+} (You found it on level 3 of the Dungeon)
  3740 | D:4      | Reached skill level 6 in Fighting
  3962 | D:4      | Reached skill level 5 in Armour
  3972 | D:4      | Found Emakhleha's Gadget Shoppe.
  4167 | D:5      | Entered Level 5 of the Dungeon
  4267 | D:5      | Noticed Eustachio
  4397 | D:5      | Killed Eustachio
  4397 | D:5      | Reached skill level 5 in Invocations
  4397 | D:5      | Reached XP level 8. HP: 65/70 MP: 11/11
  4448 | D:5      | Reached skill level 5 in Axes
  4712 | D:5      | Found a stormy altar of Qazlal.
  4782 | D:5      | Noticed Ijyb
  4782 | D:5      | Paralysed by Ijyb for 6 turns
  4789 | D:5      | Killed Ijyb
  4814 | D:5      | Noticed Blork the orc
  4822 | D:5      | Killed Blork the orc
  5979 | D:6      | Reached XP level 9. HP: 13/78 MP: 4/13
  5981 | D:6      | Reached skill level 7 in Fighting
  6411 | D:7      | Found a shattered altar of Ashenzari.
  6412 | D:7      | Found Axokhlomu's Distillery.
  6529 | D:7      | Slain by an orc warrior

Skill      XL: |  1  2  3  4  5  6  7  8  9 |
---------------+----------------------------+-----
Dodging        | 1 2 3 |  3.3
Axes           | 3 4 5 6 |  6.0
Fighting       | 4 5 6 7 |  7.0
Invocations    | 3 4 5 6 |  6.0
Armour         | 3 4 5 |  5.8
Slings         | 1 |  1.6
Polearms       | 1 2 4 |  4.8

Action                   |  1- 3 |  4- 6 |  7- 9 || total
-------------------------+-------+-------+-------++-------
Melee: Hand axe          |   134 |    44 |    40 ||   218
       War axe           |       |    50 |       ||    50
       Bardiche          |       |       |   171 ||   171
Throw: Stone             |       |     2 |     8 ||    10
Invok: Depart the Abyss  |     1 |       |       ||     1
       Bend Space        |       |    14 |     7 ||    21
Evoke: Wand              |       |     5 |     1 ||     6
       Lamp of fire      |       |     1 |       ||     1
  Use: Scroll            |       |     2 |    10 ||    12
       Potion            |       |       |     3 ||     3
  Eat: Chunk             |     2 |     4 |    12 ||    18
Armor: Chain mail        |    99 |    69 |   115 ||   283
Dodge: Dodged            |    42 |    34 |   119 ||   195
